 Dungeon Crawl Stone Soup version 0.25-a0-435-g4b9beb1024 (webtiles) character file.

Game seed: 738043195196375277, levelgen mode: deterministic

1043 Elellon the Thaumaturge (level 8, -2/41 HPs)
             Began as a Deep Elf Conjurer on Jan 27, 2020.
             Shot with an arrow by a centaur (12 damage)
             ... on level 5 of the Dungeon.
             The game lasted 00:09:54 (5649 turns).

Elellon the Thaumaturge (Deep Elf Conjurer)         Turns: 5649, Time: 00:09:55

Health: -2/41      AC:  8    Str:  7    XL:     8   Next: 4%
Magic:  19/23      EV: 11    Int: 21    God:
Gold:   68         SH:  0    Dex: 15    Spells: 18/25 levels left

rFire    . . .     SeeInvis .   q - +3 dagger (venom)
rCold    . . .     Gourm    .   (no shield)
rNeg     . . .     Faith    .   w - +0 acid dragon scales
rPois    .         Spirit   .   (no helmet)
rElec    .         Reflect  .   g - +0 cloak
rCorr    +         Harm     .   (no gloves)
MR       .....                  i - +0 pair of boots
Stlth    ++........             (no amulet)
HPRegen  0.13/turn              (no ring)
MPRegen  0.18/turn              (no ring)

@: no status effects
A: no striking features
a: no special abilities


You were on level 5 of the Dungeon.
You were not hungry.

You visited 2 branches of the dungeon, and saw 6 of its levels.

You collected 139 gold pieces.
You spent 71 gold pieces at shops.

Inventory:

Hand Weapons
 q - a +3 dagger of venom (weapon)
Armour
 g - a +0 cloak (worn)
 i - a +0 pair of boots (worn)
 w - +0 acid dragon scales (worn)
Wands
 a - a wand of polymorph (2)
 d - a wand of iceblast (12)
Scrolls
 k - a scroll of fog
 n - 2 scrolls of enchant weapon
 p - 2 scrolls of remove curse
 r - a scroll of magic mapping
 s - 3 scrolls of identify
Potions
 b - a potion of degeneration {unknown}
 e - 5 potions of flight {unknown}
 f - 6 potions of curing {unknown}
 h - a potion of invisibility {unknown}
 j - a potion of resistance {unknown}
 l - a potion of lignification {unknown}
 m - a potion of magic {unknown}
 o - 2 potions of agility {unknown}
 v - a potion of brilliance {unknown}
Comestibles
 c - 9 rations


   Skills:
 - Level 2.4 Dodging
 - Level 2.4 Stealth
 + Level 9.2 Spellcasting
 + Level 8.5 Conjurations


You had 18 spell levels left.
You knew the following spells:

 Your Spells              Type           Power        Failure   Level  Hunger
a - Magic Dart            Conj           ####         1%          1    None
b - Searing Ray           Conj           #####.       1%          2    None
c - Iskenderun's Mystic   Conj/Tloc      ####....     24%         4    ##.....

Your spell library contained the following spells:

 Spells                   Type           Power        Failure   Level  Hunger
 Dazzling Flash           Conj/Hex       ####..       7%          3    None
 Beastly Appendage        Tmut           #.....       14%         1    None
 Sticks to Snakes         Tmut           #.......     21%         2    None
 Fulminant Prism          Conj/Hex       ####......   24%         4    ##.....
 Spider Form              Tmut/Pois      #.........   38%         3    None
 Ice Form                 Ice/Tmut       #.......     80%         4    ##.....
 Blade Hands              Tmut           #.........   98%         5    #####..


Dungeon Overview and Level Annotations

Branches:
Dungeon (5/15)             Temple (1/1) D:4

Altars:
Cheibriados
Elyvilon
Fedhas
Hepliaklqana
Kikubaaqudgha
Nemelex Xobeh
Okawaru
Qazlal
Sif Muna
Trog
Uskayaw
Wu Jian
Zin
The Shining One

Shops:
D:5 ?

Annotations:
D:5 Prince Ribbit


Message History

The magic dart hits the centaur.
The centaur is lightly wounded.
The centaur shoots an arrow.
The arrow hits you!
The centaur shoots an arrow.
The arrow hits you!
You see here an arrow.
You start resting.
The centaur shoots an arrow.
The arrow hits you!
Casting: Magic Dart (safe; 1% risk of failure)
Confirm with . or Enter, or press ? or * to list all spells.
Aiming: Searing Ray (safe; 1% risk of failure)
Press: ? - help, Shift-Dir - straight line, f/p - centaur
Aim: a centaur, wielding a +0 shortbow and quivering 10 arrows The searing ray hits the centaur.
The centaur is lightly wounded. (Press . to maintain the ray.)
The searing ray hits the centaur!
The centaur is heavily wounded.
The centaur shoots an arrow.
The arrow hits you.
* * * LOW HITPOINT WARNING * * *
The centaur shoots an arrow.
The arrow hits you!
You die...

# #########
........###
........... ###
>.c........ ##.##
#####.[.....###.#.##
....# ..c.....c###.#
###.#
.....###(#>###..# #
.... ##@## #..# ###.#.
. .. #.# #..# 8...$..
# #.# #..# ###.###
.#######.## #..# #
..........###..# #
#.######...##..# #
#.F.<..........# #
#########..###.#######
# #..###........


You could see a centaur.

Vanquished Creatures
  Sigmund (D:2)
  Menkaure (D:4)
  3 ogres (D:4)
  Blork the orc (D:5)
  2 hounds
  An orc priest (D:4)
  2 orc wizards (D:3)
  A centaur skeleton (D:4)
  Ijyb (D:4)
  Natasha (thrice) (D:2)
  An iguana (D:4)
  A worker ant (D:5)
  A hound skeleton (D:4)
  3 adders
  3 worms (D:2)
  4 dart slugs
  A leopard gecko (D:1)
  9 orcs
  3 giant cockroaches
  13 goblins
  6 hobgoblins
  3 jackals (D:3)
  2 quokkas (D:3)
  A ball python (D:3)
  5 bats
  7 frilled lizards
  A jackal skeleton (D:4)
  10 kobolds
  8 rats
98 creatures vanquished.

Notes
Turn   | Place    | Note
-------+----------+-------------------------------------------
     0 | D:1      | Elellon the Deep Elf Conjurer began the quest for the Orb.
     0 | D:1      | Reached XP level 1. HP: 10/10 MP: 6/6
   218 | D:1      | Reached XP level 2. HP: 15/15 MP: 2/8
   237 | D:1      | Learned a level 2 spell: Searing Ray
   646 | D:1      | Reached skill level 4 in Spellcasting
   991 | D:1      | Reached XP level 3. HP: 19/19 MP: 8/10
  1061 | D:1      | Reached skill level 5 in Conjurations
  1362 | D:2      | Noticed Natasha
  1370 | D:2      | Killed Natasha
  1713 | D:2      | Noticed Sigmund
  1730 | D:2      | Killed Sigmund
  1730 | D:2      | Reached skill level 5 in Spellcasting
  1730 | D:2      | Reached XP level 4. HP: 11/24 MP: 3/13
  1730 | D:2      | Reached XP level 5. HP: 13/28 MP: 3/15
  1731 | D:2      | Reached skill level 6 in Spellcasting
  2058 | D:2      | Noticed Natasha
  2062 | D:2      | Killed Natasha
  2085 | D:2      | Noticed Natasha
  2099 | D:2      | Killed Natasha
  2099 | D:2      | Reached XP level 6. HP: 32/32 MP: 4/17
  2978 | D:3      | Learned a level 4 spell: Iskenderun's Mystic Blast
  3961 | D:4      | Reached skill level 7 in Spellcasting
  4138 | D:4      | Found a staircase to the Ecumenical Temple.
  4142 | D:4      | Reached XP level 7. HP: 36/36 MP: 14/19
  4177 | D:4      | Noticed Ijyb
  4202 | D:4      | Killed Ijyb
  4355 | Temple   | Entered the Ecumenical Temple
  4725 | D:4      | Reached skill level 8 in Spellcasting
  4833 | D:4      | Noticed Menkaure
  4838 | D:4      | Killed Menkaure
  5261 | D:5      | Entered Level 5 of the Dungeon
  5262 | D:5      | Noticed Prince Ribbit
  5281 | D:5      | Found Taeckoed's Magic Scroll Emporium.
  5283 | D:5      | Bought a scroll of fog for 26 gold pieces
  5283 | D:5      | Bought a scroll of magic mapping for 45 gold pieces
  5412 | D:5      | Reached skill level 9 in Spellcasting
  5506 | D:5      | Noticed Blork the orc
  5511 | D:5      | Killed Blork the orc
  5511 | D:5      | Reached XP level 8. HP: 41/41 MP: 16/23
  5649 | D:5      | Shot with an arrow by a centaur

Levels and vault maps discovered:
D:1:      saegor_arrival_miasma, layout_basic
D:2:      layout_rooms, uniq_natasha, uniq_sigmund
D:3:      layout_loops_ring, chequers_mini_garden, grunt_ministairs_7
D:4:      layout_loops_ring, minmay_temple_entry_water_ring, uniq_ijyb,
          uniq_menkaure
D:5:      layout_loops_ring, vehumet_altar_wand_db, first_ration, serial_shops,
          nicolae_shop_statue_plus, uniq_prince_ribbit1, uniq_blork_the_orc
Temple:   eino_temple_water

Skill      XL: |  1  2  3  4  5  6  7 |
---------------+----------------------+-----
Spellcasting   | 4 5 6 7 9 |  9.2
Conjurations   | 6 7 8 |  8.5
Dodging        | |  2.4
Stealth        | |  2.4

Action                   |  1- 3 |  4- 6 |  7- 9 || total
-------------------------+-------+-------+-------++-------
 Cast: Magic Dart        |    66 |    83 |    35 ||   184
       Searing Ray       |     4 |    12 |    13 ||    29
  Use: Scroll            |       |     8 |     1 ||     9
  Eat: Chunk             |     2 |     8 |     4 ||    14
Armor: Robe              |     3 |     2 |       ||     5
       Acid dragon scale |       |     1 |     2 ||     3
Dodge: Dodged            |     7 |     8 |     7 ||    22

Table legend:
 A = Non-vault XP
 B = Vault XP
 C = Vault XP percentage of total XP
 D = Non-vault monster count
 E = Vault monster count
 F = Vault count percentage of total count
                 A         B        C        D         E       F
            +---------+---------+-------+---------+---------+-------
      Total |     950 |     540 |  36.2 |      92 |       6 |   6.1
            +---------+---------+-------+---------+---------+-------
        D:1 |      46 |       0 |   0.0 |      29 |       0 |   0.0
        D:2 |     126 |     234 |  65.0 |      21 |       2 |   8.7
        D:3 |     145 |       2 |   1.4 |      23 |       1 |   4.2
        D:4 |     559 |     210 |  27.3 |      17 |       2 |  10.5
        D:5 |      74 |      94 |  56.0 |       2 |       1 |  33.3
            +---------+---------+-------+---------+---------+-------
